 Dungeon Crawl Stone Soup version 0.30.0-5-g1a98f26d00 (webtiles) character file.

Game seed: 8842978681467842726

46 ChrisAssaf the Sneak (level 3, -2/17 HPs)
             Began as a Spriggan Enchanter on May 8, 2023.
             Killed by nerve-wracking pain
             ... invoked by an orc priest
              (10 damage)
             ... on level 3 of the Dungeon.
             The game lasted 00:04:04 (1032 turns).

ChrisAssaf the Sneak (Spriggan Enchanter)           Turns: 1032, Time: 00:04:05

Health: -2/17      AC:  2    Str:  6    XL:     3   Next: 46%
Magic:  2/8        EV: 17    Int: 16    God:
Gold:   47         SH:  0    Dex: 15    Spells: 2/7 levels left

rFire   . . .        a - +1 dagger
rCold   . . .        (no shield)
rNeg    . . .        b - +0 robe
rPois   .            (helmet restricted)
rElec   .            (no cloak)
rCorr   .            (gloves unavailable)
SInv    +            (boots unavailable)
Will    .....        (no amulet)
Stlth   +++          (no ring)
HPRegen 0.22/turn    (no ring)
MPRegen 0.11/turn

%: no passive effects
@: very quick
A: very small, no large weapons, unfitting armour, see invisible, speed 3
a: no special abilities


You were on level 3 of the Dungeon.
You visited 1 branch of the dungeon, and saw 3 of its levels.

You collected 47 gold pieces.

Inventory:

Hand Weapons
 a - a +1 dagger (weapon)
Armour
 b - a +0 robe (worn)
Scrolls
 d - a scroll of teleportation {unknown}
Potions
 c - 3 potions of invisibility
 e - a potion of lignification {unknown}
 f - a potion of mutation {unknown}


   Skills:
 * Level 0.4 Fighting
 * Level 1.5 Short Blades
 * Level 0.2 Armour
 * Level 3.1 Dodging
 * Level 5.4 Stealth
 * Level 2.9 Spellcasting
 * Level 4.0 Hexes
 * Level 0.1 Ice Magic


You had 2 spell levels left.
You knew the following spells:

 Your Spells              Type           Power      Damage    Failure   Level
a - Ensorcelled Hibernat  Hex/Ice        18%        N/A       12%         2
b - Tukima's Dance        Hex            15%        N/A       11%         3

Your spell library contained the following spells:

 Spells                   Type           Power      Damage    Failure   Level
 Confusing Touch          Hex            15%        N/A       11%         3
 Dazzling Flash           Conj/Hex       16%        N/A       24%         3


Dungeon Overview and Level Annotations

Branches:
Dungeon (3/15)

Altars:


Innate Abilities, Weirdness & Mutations

You are very small and have problems with some larger weapons.
You are too small for most types of armour.
You have supernaturally acute eyesight. (SInv)
You cover ground extremely quickly. (Speed+++)


Message History

Casting: Ensorcelled Hibernation (safe; 12% risk of failure)
Confirm with . or Enter, or press ? or * to list all spells.
Aiming: Ensorcelled Hibernation (safe; 12% risk of failure)
Press: ? - help, Shift-Dir - straight line, f/p - endoplasm
Aim: an endoplasm (chance to affect: 59%)
The endoplasm looks drowsy...
The gnoll shouts!
The helpless endoplasm fails to defend itself.
You impale the endoplasm!!
You kill the endoplasm!
A gnoll comes into view. It is wielding a +0 club.
Casting: Ensorcelled Hibernation (safe; 12% risk of failure)
Confirm with . or Enter, or press ? or * to list all spells.
Okay, then.
Aiming: Tukima's Dance (extremely dangerous; 11% risk of failure)
Press: ? - help, Q - select action, (/) - cycle Shift-Dir - straight line, f - gnoll
Aim: a gnoll, wielding a +0 flail (chance to affect: 57%)
The +0 flail dances into the air!
You hit the gnoll.
The gnoll is lightly wounded.
The gnoll hits you.
You hit the gnoll but do no damage.
The gnoll is lightly wounded.
The gnoll closely misses you.
You hit the gnoll but do no damage.
The gnoll is lightly wounded.
The gnoll closely misses you.
Your +0 flail hits the gnoll!
You hit the gnoll but do no damage.
The gnoll is severely wounded.
The gnoll barely misses you.
The gnoll hits your +0 flail with a +0 club!
Your +0 flail falls from the air.
You hit the gnoll.
You kill the gnoll!
The orc priest invokes the aid of Beogh against you.
Pain shoots through your body!
The orc priest mumbles some strange prayers to Beogh against you.
Pain shoots through your body!
Ouch! That really hurt!
You die...

.#.. ..... ....#....o
##.o#..... ##
##.......# . #.
#.......##.#
#.##..o.......#
###.#...........#
#.......#.......$
##...@...#..##.##.
#........o.###># .##
##..##.#.##......#....
#.. ...#.##.........#
#.##.###.....g..#####
##.##...>........#
#######..##
.##..####.g####
#........# #....#
##..)..## #........##
#.#..###[......#.


You could see an orc priest, an orc wizard (wandering) and an orc.

Vanquished Creatures
  A gnoll (D:3)
  An adder (D:2)
  A worm (D:3)
  A dart slug (D:1)
  2 ball pythons (D:1)
  An endoplasm (D:3)
  2 goblins
  3 hobgoblins
  2 kobolds
  3 bats
  4 frilled lizards
  2 rats
23 creatures vanquished.

Vanquished Creatures (others)
  A dancing weapon (D:3)
1 creature vanquished.

Grand Total: 24 creatures vanquished

Notes
Turn   | Place    | Note
-------+----------+-------------------------------------------
     0 | D:1      | ChrisAssaf the Spriggan Enchanter began the quest for the
                  | Orb.
     0 | D:1      | Reached XP level 1. HP: 9/9 MP: 5/5
   378 | D:1      | Reached XP level 2. HP: 13/13 MP: 6/6
   386 | D:1      | Learned a level 2 spell: Ensorcelled Hibernation
   637 | D:2      | Reached skill level 5 in Stealth
   763 | D:2      | Reached XP level 3. HP: 16/16 MP: 5/8
   774 | D:2      | Learned a level 3 spell: Tukima's Dance
  1032 | D:3      | Killed from afar by an orc priest

Illustrated notes

Levels and vault maps discovered:
D:1:      zelgadis_glass_arrival_small, layout_loops_ring,
          dreamdust_princess_corridor
D:2:      layout_basic
D:3:      layout_rooms, uniq_ijyb

Skill      XL: |  1  2 |
---------------+-------+-----
Stealth        | 5 |  5.4
Dodging        | 3 |  3.1
Hexes          | 4 |  4.0
Fighting       | |  0.4
Short Blades   | |  1.5
Armour         | |  0.2
Spellcasting   | |  2.9
Ice Magic      | |  0.1

Action                     || total
---------------------------++-------
  Melee: Dagger            ||    51
   Cast: Ensorcelled Hiber ||     9
         Tukima's Dance    ||     1
   Stab: Sleeping          ||    13
         Distracted        ||     1
 Armour: Robe              ||     8
  Dodge: Dodged            ||    34
